 Dungeon Crawl Stone Soup version 0.30-a0-696-g2367cd04db (webtiles) character file.

Game seed: 4009681839529530885

76 wormed the Digger (level 4, 0/30 HPs)
             Began as a Demonspawn Earth Elementalist on Jan 20, 2023.
             Slain by a gnoll
             ... wielding a +0 spear
              (4 damage)
             ... on level 3 of the Dungeon.
             The game lasted 00:03:59 (1797 turns).

wormed the Digger (Demonspawn Earth Elementalist)   Turns: 1797, Time: 00:04:00

Health: 0/30       AC:  4    Str:  8    XL:     4   Next: 12%
Magic:  8/8        EV: 12    Int: 18    God:
Gold:   692        SH:  0    Dex: 19    Spells: 4/8 levels left

rFire   . . .      SeeInvis +    f - +1 quarterstaff
rCold   . . .      Faith    .    (shield currently unavailable)
rNeg    . . .      Spirit   .    a - +0 robe
rPois   .          Reflect  .    (no helmet)
rElec   .          Harm     .    (no cloak)
rCorr   .          Rampage  .    (no gloves)
Will    .....                    (no boots)
Stlth   ++                       (no amulet)
HPRegen 0.25/turn                c - ring "Toopisah" {Wiz Dex+5 SInv}
MPRegen 0.11/turn                (no ring)

@: no status effects
A: molten scales 1
a: no special abilities


You were on level 3 of the Dungeon.
You visited 1 branch of the dungeon, and saw 3 of its levels.

You collected 692 gold pieces.

Inventory:

Hand Weapons
 f - a +1 quarterstaff (weapon)
Armour
 a - a +0 robe (worn)
Jewellery
 c - the ring "Toopisah" (left hand) {Wiz Dex+5 SInv}
   (You acquired it on level 2 of the Dungeon)

   [ring of wizardry]

   It improves your spell success rate.
   Dex:       It affects your dexterity (+5).
   SInv:      It lets you see invisible.
Scrolls
 i - a scroll of identify
Potions
 d - a potion of lignification
 e - 2 potions of degeneration {unknown}
 g - a potion of curing {unknown}


   Skills:
 - Level 1.7 Dodging
 - Level 1.7 Stealth
 + Level 2.8 Spellcasting
 + Level 2.0 Conjurations
 - Level 0.8 Transmutations
 + Level 3.3 Earth Magic


You had 4 spell levels left.
You knew the following spells:

 Your Spells              Type           Power      Damage    Failure   Level
a - Sandblast             Erth           28%        2d8       1%          1
b - Stone Arrow           Conj/Erth      24%        3d8       6%          3

Your spell library contained the following spells:

 Spells                   Type           Power      Damage    Failure   Level
 Passwall                 Tmut/Erth      8%         N/A       4%          2
 Summon Guardian Golem    Hex/Summ       2%         N/A       21%         3
 Petrify                  Tmut/Erth      10%        N/A       26%         4
 Orb of Destruction       Conj           5%         9d5       100%        7
 Spellforged Servitor     Conj/Summ      3%         N/A       100%        7


Dungeon Overview and Level Annotations

Branches:
Dungeon (3/15)

Altars:


Innate Abilities, Weirdness & Mutations

You are partially covered in molten scales. (AC +2)


Message History

You are too injured to fight recklessly!
You are too injured to fight recklessly!
You are too injured to fight recklessly!
You are too injured to fight recklessly!
You are too injured to fight recklessly!
You are too injured to fight recklessly!
You are too injured to fight recklessly!
You are too injured to fight recklessly!
You are too injured to fight recklessly!
You are too injured to fight recklessly!
You are too injured to fight recklessly!
You are too injured to fight recklessly!
You are too injured to fight recklessly!
Casting: Sandblast (safe; 1% risk of failure)
Confirm with . or Enter, or press ? or * to list all spells.
The spell is quite dangerous to miscast (7% risk of failure)!
Continue anyway?
Aiming: Stone Arrow (quite dangerous; 7% risk of failure)
Press: ? - help, Shift-Dir - straight line, f - gnoll
Aim: a gnoll, wielding a +0 flail (72% to hit)
The stone arrow hits the gnoll!
The gnoll is severely wounded.
The gnoll hits you with a +0 whip. The gnoll closely misses you.
The gnoll barely misses you.
Casting: Stone Arrow (quite dangerous; 7% risk of failure)
Confirm with . or Enter, or press ? or * to list all spells.
The spell is quite dangerous to miscast (7% risk of failure)!
Continue anyway?
Aiming: Stone Arrow (quite dangerous; 7% risk of failure)
Press: ? - help, Shift-Dir - straight line, f/p - gnoll
Aim: a gnoll, wielding a +0 flail (severely wounded, 72% to hit)
The stone arrow hits the gnoll!
You kill the gnoll!
The gnoll closely misses you.
The gnoll hits you from afar with a +0 spear.
* * * LOW HITPOINT WARNING * * *
Your Conjurations skill increases to level 2!
You have reached level 4!
You feel agile. Magic courses through your body. The gnoll closely misses you.
The gnoll hits you from afar with a +0 spear.
You die...

#.............#
.####.#................
.....................
#.......##..#...#..###
#.......#............#
#.....................
#.............<.......
#)..........g.<.####..
#<.........@)g..#
#...............#
#...............#
#.......#..........
###.######....!.... #..
.......... ....
########... ##.### .#.
#.


You could see 2 gnolls.

Vanquished Creatures
  A gnoll (D:3)
  2 adders (D:2)
  A worm (D:2)
  A dart slug (D:1)
  5 bats
  6 endoplasms
  A giant cockroach (D:1)
  A goblin (D:3)
  6 hobgoblins
  2 jackals (D:1)
  2 kobolds (D:2)
  2 quokkas
  5 ball pythons
  4 frilled lizards
  2 rats
41 creatures vanquished.

Notes
Turn   | Place    | Note
-------+----------+-------------------------------------------
     0 | D:1      | wormed the Demonspawn Earth Elementalist began the quest
                  | for the Orb.
     0 | D:1      | Reached XP level 1. HP: 13/13 MP: 3/3
   224 | D:1      | Gained mutation: You are partially covered in molten
                  | scales. (AC +2) [demonic ancestry]
   224 | D:1      | Reached XP level 2. HP: 19/19 MP: 0/5
   395 | D:1      | Reached skill level 1 in Conjurations
   465 | D:1      | Reached skill level 3 in Earth Magic
  1102 | D:2      | Reached XP level 3. HP: 17/24 MP: 2/6
  1479 | D:2      | Learned a level 3 spell: Stone Arrow
  1754 | D:2      | Identified 2 scrolls of acquirement
  1754 | D:2      | Acquired the ring "Toopisah" {Wiz Dex+5 SInv}
  1755 | D:2      | Acquired 636 gold pieces
  1797 | D:3      | Reached XP level 4. HP: 3/30 MP: 1/8
  1797 | D:3      | Slain by a gnoll

Illustrated notes

Levels and vault maps discovered:
D:1:      minmay_arrival_plants_in_alcoves, layout_basic
D:2:      layout_basic
D:3:      layout_rooms, serial_rivers, chequers_serial_rivers_small_b,
          chequers_serial_rivers_small_3, chequers_serial_rivers_micro_b,
          chequers_serial_rivers_micro_c, chequers_serial_rivers_micro_b

Skill      XL: |  1  2  3 |
---------------+----------+-----
Conjurations   | 1 2 |  2.0
Earth Magic    | 3 |  3.3
Dodging        | |  1.7
Stealth        | |  1.7
Spellcasting   | |  2.8
Transmutations | |  0.8

Action                   |  1- 3 |  4- 6 || total
-------------------------+-------+-------++-------
Melee: Quarterstaff      |    29 |       ||    29
 Cast: Sandblast         |    56 |       ||    56
       Stone Arrow       |     2 |       ||     2
  Use: Scroll            |     6 |       ||     6
       Potion            |       |     1 ||     1
 Stab: Sleeping          |     1 |       ||     1
       Distracted        |     1 |       ||     1
Armor: Robe              |    29 |       ||    29
Dodge: Dodged            |    44 |     1 ||    45

Table legend: (Time is in decaauts)
 A = Elapsed time spent in this place.
 B = Non-inter-level travel time spent in this place.
 C = Inter-level travel time spent in this place.
 D = Time resting spent in this place.
 E = Time spent auto-exploring this place.
 F = Levels seen in this place.
 G = Mean time per level.
                   A        B        C        D        E       F      G
               +--------+--------+--------+--------+--------+-----+--------+
         Total |   1832 |   1786 |     46 |      0 |   1489 |   3 |  610.7 |
       Dungeon |   1832 |   1786 |     46 |      0 |   1489 |   3 |  610.7 |
               +--------+--------+--------+--------+--------+-----+--------+

Top non-repeatable levels by time:
     D:1: 1023 daAuts
     D:2: 783 daAuts
     D:3: 25 daAuts
